 Dungeon Crawl Stone Soup version 0.20.1-1-g8b1a95d (webtiles) character file.

51 Gargoyl the Skirmisher (level 3, -11/34 HPs)
             Began as a Minotaur Abyssal Knight on Sept 28, 2017.
             Was a Follower of Lugonu.
             Mangled by Terence
             ... wielding a +2 hand axe of electrocution
              (13 damage)
             ... on level 2 of the Dungeon.
             The game lasted 00:02:29 (1462 turns).

Gargoyl the Skirmisher (Minotaur Abyssal Knight)    Turns: 1462, Time: 00:02:30

Health: -11/34     AC:  9    Str: 16    XL:     3   Next: 58%
Magic:  3/3        EV:  7    Int:  9    God:    Lugonu [*.....]
Gold:   62         SH:  0    Dex: 14    Spells: 2/2 levels left

rFire    . . .     SeeInvis .   a - +1 hand axe
rCold    . . .     Gourm    .   (no shield)
rNeg     . . .     Faith    .   e - +0 chain mail
rPois    .         Spirit   .   (helmet restricted)
rElec    .         Reflect  .   (no cloak)
rCorr    .         Harm     .   (no gloves)
MR       .....                  (no boots)
Stlth    ..........             (no amulet)
Regen    0.2/turn               f - +4 ring of dexterity
MPRegen  0.1/turn               (no ring)

@: no status effects
A: retaliatory headbutt, horns 2
a: Depart the Abyss, Renounce Religion


You were on level 2 of the Dungeon.
You worshipped Lugonu.
Lugonu was aware of your devotion.
You were hungry.

You visited 1 branch of the dungeon, and saw 2 of its levels.
You visited the Abyss 1 time.

You collected 62 gold pieces.

Inventory:

Hand Weapons
 a - a +1 hand axe (weapon)
Missiles
 n - 2 javelins (quivered)
Armour
 e - a +0 chain mail (worn)
Jewellery
 f - a +4 ring of dexterity (left hand)
Scrolls
 b - a scroll of teleportation {unknown}
Potions
 d - a potion of heal wounds {unknown}
 g - a potion of brilliance
 h - 4 potions of curing {unknown}
 k - a potion of berserk rage {unknown}
 l - a potion of degeneration {unknown}
Comestibles
 c - 2 bread rations
 j - a royal jelly


   Skills:
 + Level 4.4 Fighting
 + Level 2.8 Axes
 * Level 2.8 Armour
 + Level 1.5 Dodging
 * Level 2.4 Invocations


You had 2 spell levels left.
You didn't know any spells.

Dungeon Overview and Level Annotations

Branches:
Dungeon (2/15)

Altars:

Annotations:
D:2 Terence


Innate Abilities, Weirdness & Mutations

You reflexively headbutt those who attack you in melee.
You have a pair of horns on your head.


Message History

You completely miss Terence.
Terence is moderately wounded.
Terence hits you with a hand axe of electrocution.
You are electrocuted!
Ouch! That really hurt!
* * * LOW HITPOINT WARNING * * *
You hit Terence. Your headbutt misses Terence.
Terence is heavily wounded.
Terence hits you with a hand axe of electrocution.
* * * LOW HITPOINT WARNING * * *
Terence closely misses you.
You barely miss Terence.
Terence is moderately wounded.
Terence hits you with a hand axe of electrocution.
* * * LOW HITPOINT WARNING * * *
Your chain mail prevents you from hitting Terence.
You headbutt Terence!
Terence is almost dead.
Terence hits you but does no damage.
You are electrocuted!
You die...

## ##.##.###### .##
##.##.......#
#.###.##....(##.#
##...###.....##.# #.###
#.....##.# #.#
#.....##)# #.#
#.....##.# #.#
##.......######## ##.#
##.#....@@.....#
...#######.###.#######.#
...........###.#
#########......#
#.###### #.# #.# #.# #.#


You could see Terence.

Vanquished Creatures
  A gnoll (D:1)
  A dart slug (D:1)
  4 leopard geckos
  4 bats
  A giant cockroach (D:1)
  7 goblins
  4 hobgoblins (D:1)
  5 kobolds
  7 rats
34 creatures vanquished.

Notes
Turn   | Place    | Note
-------+----------+-------------------------------------------
     0 | Abyss:1  | Gargoyl the Minotaur Abyssal Knight began the quest for the Orb.
     0 | Abyss:1  | Reached XP level 1. HP: 19/19 MP: 1/1
    15 | Abyss:1  | Found a corrupted altar of Lugonu.
    65 | Abyss:1  | Noticed a wight
    80 | Abyss:1  | Noticed a frost giant skeleton
    85 | D:1      | Escaped the Abyss
   239 | D:1      | Reached skill level 4 in Fighting
   239 | D:1      | Reached XP level 2. HP: 20/27 MP: 2/2
   240 | D:1      | Reached * piety under Lugonu
   721 | D:1      | Reached XP level 3. HP: 33/33 MP: 3/3
  1453 | D:2      | Noticed Terence
  1462 | D:2      | Mangled by Terence

Skill      XL: |  1 |
---------------+----+-----
Fighting       | 4 |  4.4
Invocations    | 2 |  2.4
Axes           | |  2.8
Armour         | |  2.8
Dodging        | |  1.5

Action                   || total
-------------------------++-------
Melee: Hand axe          ||    56
       Headbutt          ||     5
Invok: Depart the Abyss  ||     1
  Use: Scroll            ||     4
 Stab: Sleeping          ||     2
  Eat: Chunk             ||     1
Armor: Leather armour    ||    14
       Chain mail        ||     3
Dodge: Dodged            ||    44
